 Dungeon Crawl Stone Soup version 0.21.1-1-g345015fe64 (webtiles) character file.

611 Gargoyl the Skirmisher (level 7, 0/59 HPs)
             Began as a Centaur Abyssal Knight on May 14, 2018.
             Was a Priest of Lugonu.
             Killed by divine providence
             ... invoked by an orc priest
              (11 damage)
             ... on level 5 of the Dungeon.
             The game lasted 00:07:15 (5116 turns).

Gargoyl the Skirmisher (Centaur Abyssal Knight)     Turns: 5116, Time: 00:07:16

Health: 0/59       AC:  7    Str: 14    XL:     7   Next: 20%
Magic:  8/9        EV: 14    Int: 11    God:    Lugonu [***...]
Gold:   120        SH:  0    Dex: 11    Spells: 6/6 levels left

rFire    . . .     SeeInvis .   a - +2 hand axe
rCold    . . .     Gourm    .   (no shield)
rNeg     + . .     Faith    .   u - +0 ring mail
rPois    .         Spirit   .   d - +0 helmet
rElec    .         Reflect  .   (no cloak)
rCorr    .         Harm     .   (no gloves)
MR       .....                  (no barding)
Stlth    ..........             (no amulet)
HPRegen  0.19/turn              q - ring of positive energy
MPRegen  0.11/turn              l - +5 ring of evasion

@: slowed
A: large, hooves 3, deformed body, speed 2, tough skin 3
a: Depart the Abyss, Bend Space, Banish, Renounce Religion


You were on level 5 of the Dungeon.
You worshipped Lugonu.
Lugonu was most pleased with you.
You were not hungry.

You visited 1 branch of the dungeon, and saw 5 of its levels.
You visited the Abyss 1 time.

You collected 120 gold pieces.

Inventory:

Hand Weapons
 a - a +2 hand axe (weapon)
 m - a +0 club
Missiles
 e - 2 tomahawks (quivered)
Armour
 d - a +0 helmet (worn)
 u - a +0 ring mail (worn)
Jewellery
 l - a +5 ring of evasion (right hand)
 n - an uncursed ring of protection from magic
 q - a ring of positive energy (left hand)
Wands
 f - a wand of acid (6)
 p - a wand of disintegration (4)
 v - a wand of flame (29)
Scrolls
 b - a scroll of enchant weapon
 g - 2 scrolls of blinking
 i - a scroll of identify
 k - 4 scrolls of remove curse
 s - a scroll of magic mapping
Potions
 h - 3 potions of haste
 j - 3 potions of curing
 o - 3 potions of might
 r - a potion of resistance {unknown}
Comestibles
 c - 4 rations
 w - 2 chunks of flesh


   Skills:
 + Level 4.2 Fighting
 + Level 4.1 Axes
 * Level 3.2 Armour
 + Level 2.0 Dodging
 * Level 3.9 Invocations


You had 6 spell levels left.
You didn't know any spells.

Dungeon Overview and Level Annotations

Branches:
Dungeon (5/15)
 Temple: D:4-7

Altars:
Kikubaaqudgha
Okawaru
Qazlal
Sif Muna

Annotations:
D:3 Grinder


Innate Abilities, Weirdness & Mutations

You have hooves in place of feet.
Armour fits poorly on your strangely shaped body.
You cover ground very quickly.
You have extremely tough skin. (AC +3)


Message History

* * * LOW HITPOINT WARNING * * *
The orc priest calls upon Beogh to heal the orc priest.
The orc priest is healed somewhat.
An orc comes into view. It is wielding a club.
The worker ant twitches its antennae in your direction.
You hit the orc priest.
You kill the orc priest!
Lugonu accepts your kill.
Unknown command.
You see here a dagger.
The worker ant barely misses you.
Things that are here:
a dagger; a robe Unknown command.
You feel better. The worker ant barely misses you.
The orc completely misses you. Space bends around you!
You blink.
The orc priest mumbles some strange prayers to Beogh against you.
Beogh smites you!
You die...

#.# .# #.# ..
#.# .# #.# .#
#.# #.# #)#
#.#########)#
##...o.......##
#@..a.o§).....#
#.###########.#
... .# ##.#. .#
#.#.# .# #.# #
.# #.# .# ..#


You could see a worker ant, an orc priest and an orc.

Vanquished Creatures
  Blork the orc (D:4)
  A hound (D:4)
  3 orc priests
  A centaur zombie (D:5)
  4 iguanas
  2 orc wizards (D:5)
  A worker ant (D:4)
  6 gnolls
  A howler monkey zombie (D:3)
  4 adders
  2 oozes
  An adder skeleton (D:4)
  2 worms
  2 dart slugs (D:1)
  3 leopard geckos
  11 orcs
  7 bats
  5 giant cockroaches
  8 goblins
  10 hobgoblins
  2 jackals (D:2)
  2 quokkas
  2 ball pythons
  2 frilled lizards
  5 kobolds
  8 rats
96 creatures vanquished.

Notes
Turn   | Place    | Note
-------+----------+-------------------------------------------
     0 | Abyss:1  | Gargoyl the Centaur Abyssal Knight began the quest for the Orb.
     0 | Abyss:1  | Reached XP level 1. HP: 19/19 MP: 2/2
     7 | Abyss:1  | Found a corrupted altar of Lugonu.
    26 | Abyss:1  | Noticed a starcursed mass
   109 | Abyss:1  | Noticed an anaconda skeleton
   109 | Abyss:1  | Noticed a small abomination
   115 | D:1      | Escaped the Abyss
   402 | D:1      | Reached * piety under Lugonu
   625 | D:1      | Reached XP level 2. HP: 26/26 MP: 3/3
   701 | D:1      | Reached skill level 1 in Dodging
   720 | D:1      | Reached XP level 3. HP: 26/31 MP: 4/4
  1497 | D:2      | HP: 1/31 [iguana (6)]
  1499 | D:2      | Reached XP level 4. HP: 1/38 MP: 5/5
  2006 | D:2      | Found a stormy altar of Qazlal.
  2375 | D:2      | Reached ** piety under Lugonu
  2810 | D:3      | Noticed a two-headed ogre
  2812 | D:3      | Noticed Grinder
  2902 | D:3      | HP: 1/40 [gnoll (6)]
  2909 | D:2      | Reached XP level 5. HP: 9/46 MP: 7/7
  3265 | D:3      | Found a deep blue altar of Sif Muna.
  3518 | D:3      | Paralysed by Grinder for 3 turns
  3766 | D:4      | Reached XP level 6. HP: 9/52 MP: 8/8
  4486 | D:4      | Found an ancient bone altar of Kikubaaqudgha.
  4551 | D:4      | Noticed Blork the orc
  4561 | D:4      | Killed Blork the orc
  4893 | D:4      | Found an iron altar of Okawaru.
  5049 | D:5      | Entered Level 5 of the Dungeon
  5070 | D:5      | Reached *** piety under Lugonu
  5080 | D:5      | Reached XP level 7. HP: 43/59 MP: 9/9
  5116 | D:5      | Killed from afar by an orc priest

Skill      XL: |  1  2  3  4  5  6  7 |
---------------+----------------------+-----
Dodging        | 1 2 |  2.0
Axes           | 2 3 4 |  4.1
Armour         | 2 3 |  3.2
Invocations    | 3 |  3.9
Fighting       | 4 |  4.2

Action                   |  1- 3 |  4- 6 |  7- 9 || total
-------------------------+-------+-------+-------++-------
Melee: Hand axe          |    45 |   217 |    11 ||   273
       Kick              |    11 |    41 |     3 ||    55
Throw: Tomahawk          |       |     1 |       ||     1
Invok: Depart the Abyss  |     1 |       |       ||     1
       Bend Space        |       |       |     1 ||     1
  Use: Scroll            |     1 |    12 |       ||    13
       Potion            |       |     3 |     1 ||     4
  Eat: Chunk             |       |    11 |       ||    11
Armor: Leather armour    |    21 |    85 |       ||   106
       Ring mail         |       |    27 |     2 ||    29
Dodge: Dodged            |    36 |   161 |     8 ||   205
